 Dungeon Crawl Stone Soup version 0.30-b1-2-g02819fbbbe (webtiles) character file.

Game seed: 1359423584380578016

65 Metae the Trooper (level 3, 0/34 HPs)
             Began as a Minotaur Fighter on June 22, 2023.
             Slain by Grinder (2 damage)
             ... on level 3 of the Dungeon.
             The game lasted 00:03:06 (1722 turns).

Metae the Trooper (Minotaur Fighter)                Turns: 1722, Time: 00:03:06

Health: 0/34       AC:  7    Str: 22    XL:     3   Next: 94%
Magic:  2/2        EV:  9    Int:  5    God:
Gold:   63         SH:  4    Dex:  9    Spells: 2/2 levels left

rFire   + . .        a - +0 flail
rCold   + . .        c - +0 buckler
rNeg    + . .        b - +0 scale mail
rPois   .            (helmet restricted)
rElec   .            v - scarf {rC+ rF+}
rCorr   .            (no gloves)
SInv    .            (no boots)
Will    .....        (no amulet) Stlth
                     p - ring of positive energy
HPRegen 0.25/turn    (no ring)
MPRegen 0.08/turn

%: no passive effects
@: no status effects
A: horns 2, retaliatory headbutt
a: no special abilities


You were on level 3 of the Dungeon.
You visited 1 branch of the dungeon, and saw 3 of its levels.

You collected 63 gold pieces.

Inventory:

Hand Weapons
 a - a +0 flail (weapon)
Missiles
 l - 8 stones (quivered)
 o - 6 atropa-tipped darts
Armour
 b - a +0 scale mail (worn)
 c - a +0 buckler (worn)
 v - a scarf of resistance (worn)
Jewellery
 p - a ring of positive energy (left hand)
Scrolls
 g - a scroll of immolation {unknown}
 i - a scroll of fog {unknown}
 n - 2 scrolls of teleportation {unknown}
 w - 3 scrolls of identify {unknown}
Potions
 d - 3 potions of might
 e - a potion of curing {unknown}
 f - a potion of flight {unknown}
 h - a potion of heal wounds {unknown}
 j - a potion of berserk rage {unknown}
 k - a potion of mutation {unknown}
 m - 2 potions of brilliance {unknown}
 q - a potion of cancellation {unknown}
 r - a potion of attraction {unknown}
 s - a potion of invisibility {unknown}
 t - 2 potions of resistance {unknown}
 u - a potion of haste {unknown}


   Skills:
 + Level 4.3 Fighting
 + Level 3.3 Maces & Flails
 + Level 4.3 Armour
 + Level 4.2 Shields


You had 2 spell levels left.
You didn't know any spells.
Your spell library was empty.

Dungeon Overview and Level Annotations

Branches:
Dungeon (3/15)

Altars:

Annotations:
D:3 Grinder


Innate Abilities, Weirdness & Mutations

You have a pair of horns on your head.
You reflexively headbutt those who attack you in melee.


Message History

You hit Grinder but do no damage.
Grinder is severely wounded.
Grinder hits you but does no damage. Grinder hits you.
You writhe in agony.
You barely miss Grinder.
Grinder is severely wounded.
Grinder barely misses you.
You barely miss Grinder.
Grinder is severely wounded.
Grinder hits you.
* * * LOW HITPOINT WARNING * * *
You writhe in agony.
* * * LOW HITPOINT WARNING * * *
You closely miss Grinder. Your headbutt misses Grinder.
Grinder is severely wounded.
Grinder gestures at you.
You are unaffected.
You barely miss Grinder.
Grinder is severely wounded.
Grinder gestures at you.
You suddenly lose the ability to move!
Grinder hits you but does no damage.
You can move again.
You closely miss Grinder.
Grinder is severely wounded.
Grinder says, "Tell me all your secrets, or I'll kill you."
Grinder hits you.
* * * LOW HITPOINT WARNING * * *
Grinder hits you.
* * * LOW HITPOINT WARNING * * *
Okay, then.
You hit Grinder. Your headbutt misses Grinder.
Grinder is almost dead.
Grinder gestures at you. You resist with significant effort.
You closely miss Grinder.
Grinder is almost dead.
Grinder hits you.
* * * LOW HITPOINT WARNING * * *
You writhe in agony.
You die...

## .5 .# .# .# .. .# .#
#####.# .# #..@5.# #. .#
#.##### #. #.# #.# #.##.##
#.# #.#..[## #.# #..†...##
#.########.......##
#.................#
#.#####.##........#
#######.#####.###.....#...


You could see Grinder.

Vanquished Creatures
  An adder (D:2)
  3 dart slugs
  5 bats
  7 endoplasms
  A giant cockroach (D:3)
  3 goblins
  3 hobgoblins (D:1)
  5 jackals (D:1)
  2 quokkas
  4 ball pythons
  2 frilled lizards (D:1)
  2 kobolds
  8 rats
46 creatures vanquished.

Notes
Turn   | Place    | Note
-------+----------+-------------------------------------------
     0 | D:1      | Metae the Minotaur Fighter began the quest for the Orb.
     0 | D:1      | Reached XP level 1. HP: 19/19 MP: 0/0
    86 | D:1      | Reached XP level 2. HP: 25/27 MP: 1/1
   485 | D:1      | Reached XP level 3. HP: 33/33 MP: 2/2
  1693 | D:3      | Noticed Grinder
  1695 | D:3      | Paralysed by Grinder for 3 turns
  1718 | D:3      | Paralysed by Grinder for 2 turns
  1722 | D:3      | Slain by Grinder

Illustrated notes

Levels and vault maps discovered:
D:1:      zaba_arrival_water, layout_basic
D:2:      layout_basic, chequers_serial_rivers_marsh,
          minmay_misc_feat_four_crosses
D:3:      layout_loops_ring, ebering_ecumenical_altar_petrified,
          chequers_serial_rivers_micro_c, uniq_sigmund, uniq_grinder

Skill      XL: |  1  2 |
---------------+-------+-----
Fighting       | 4 |  4.3
Shields        | 4 |  4.2
Armour         | 4 |  4.3
Maces & Flails | 3 |  3.3

Action                     || total
---------------------------++-------
  Melee: Flail             ||   107
         Headbutt          ||    16
 Armour: Scale mail        ||    57
  Dodge: Dodged            ||    55
  Block: Buckler           ||    28
